 Dungeon Crawl Stone Soup version 0.29.1-15-g9cfb28693d (webtiles) character file.

Game seed: 14312797343441212563

63 wolfrpgdude the Magician (level 3, -1/26 HPs)
             Began as a Draconian Hedge Wizard on Feb 15, 2023.
             Splashed by a jelly's acid (7 damage)
             ... on level 3 of the Dungeon on Aug 2, 2023.
             The game lasted 00:12:29 (3055 turns).

wolfrpgdude the Magician (Draconian Hedge Wizard)   Turns: 3055, Time: 00:12:30

Health: -1/26      AC:  1    Str: 12    XL:     3   Next: 89%
Magic:  6/8        EV: 12    Int: 16    God:
Gold:   146        SH:  0    Dex: 10    Spells: 2/9 levels left

rFire   + + .      SeeInvis .   l - staff of air
rCold   . . .      Faith    .   (no shield)
rNeg    . . .      Spirit   .   (body armour unavailable)
rPois   .          Reflect  .   b - +0 hat
rElec   +          Harm     .   (no cloak)
rCorr   .          Rampage  .   (no gloves)
Will    .....                   (no boots)
Stlth   ++........              (no amulet)
HPRegen 0.08/turn               e - ring of protection from fire
MPRegen 0.11/turn               k - ring of protection from fire

@: corroded, very slightly contaminated
A: AC +5, unfitting armour, cold-blooded
a: no special abilities


You were on level 3 of the Dungeon.
You visited 1 branch of the dungeon, and saw 3 of its levels.

You collected 146 gold pieces.

Inventory:

Hand Weapons
 d - a +0 dagger of venom
Missiles
 f - a throwing net
Armour
 b - a +0 hat (worn)
Magical Staves
 l - a staff of air (weapon)
Jewellery
 e - a ring of protection from fire (left hand)
 k - a ring of protection from fire (right hand)
 n - a ring of see invisible
Wands
 m - a wand of charming (8)
Scrolls
 h - 2 scrolls of vulnerability
 j - a scroll of noise
 p - a scroll of fear {unknown}
 q - a scroll of butterflies {unknown}
Potions
 a - 5 potions of flight {unknown}
 c - a potion of magic
 g - 2 potions of curing {unknown}
 i - a potion of lignification {unknown}
 o - a potion of might {unknown}


   Skills:
 - Level 0.8 Short Blades
 + Level 2.4 Dodging
 - Level 1.8 Stealth
 * Level 3.6 Spellcasting
 * Level 2.1 Conjurations
 - Level 1.0 Summonings
 - Level 1.0 Translocations


You had 2 spell levels left.
You knew the following spells:

 Your Spells              Type           Power      Damage    Failure   Level
a - Magic Dart            Conj           36%        1d4       8%          1
b - Mephitic Cloud        Conj/Pois/Air  7%         N/A       36%         3
c - Conjure Flame         Conj/Fire      6%         6-21      34%         3

Your spell library contained the following spells:

 Spells                   Type           Power      Damage    Failure   Level
 Beastly Appendage        Tmut           4%         N/A       19%         1
 Slow                     Hex            8%         N/A       19%         1
 Blink                    Tloc           12%        N/A       19%         2
 Call Imp                 Summ           6%         N/A       19%         2
 Wereblood                Tmut           2%         N/A       26%         2
 Spider Form              Tmut/Pois      2%         N/A       47%         3


Dungeon Overview and Level Annotations

Branches:
Dungeon (3/15)

Altars:


Innate Abilities, Weirdness & Mutations

Your plain brown scales are hard. (AC +5)
You cannot fit into any form of body armour.
You are cold-blooded and may be slowed by cold attacks.


Message History

No target in view!
You see here a staff of earth.
q - a scroll labelled ONOEXE IDWETIC
Found a sling.
A jelly comes into view.
The jelly quivers.
You see here a +0 sling.
The jelly completely misses you.
You hit the jelly. The acid corrodes you!
Your hands burn!
The jelly is lightly wounded.
The jelly misses you.
You hit the jelly.
Your hands burn!
The jelly is moderately wounded.
The jelly barely misses you.
You hit the jelly but do no damage.
Your hands burn!
You tail-slap the jelly, but do no damage.
The jelly is moderately wounded.
The jelly misses you. The jelly hits you. The acid corrodes you!
You are splashed with acid!
You are too injured to fight recklessly!
You are too injured to fight recklessly!
Casting: Magic Dart (safe; 8% risk of failure)
Confirm with . or Enter, or press ? or * to list all spells.
Aiming: Magic Dart (safe; 8% risk of failure)
Press: ? - help, Shift-Dir - straight line, f - jelly
Aim: a jelly (moderately wounded, 100% to hit)
The magic dart hits the jelly.
The jelly is heavily wounded.
The jelly hits you but does no damage.
Casting: Magic Dart (safe; 8% risk of failure)
Confirm with . or Enter, or press ? or * to list all spells.
Aiming: Magic Dart (safe; 8% risk of failure)
Press: ? - help, Shift-Dir - straight line, f/p - jelly
Aim: a jelly (heavily wounded, 100% to hit)
You miscast Magic Dart.
You are very lightly contaminated with residual magic.
Nothing appears to happen.
The jelly hits you.
* * * LOW HITPOINT WARNING * * *
You are splashed with acid!
You die...

#..# . ..# .. #.# ...
#.# .. ####.##.# ######
........# #....#
.....##########....#####
........................
....#.#####...#.@J.#
##..#.#.. #.)#####
....#.#.### #.....####
....#.#.#.# #.###....#
......#.#.#.#. ####.###
.##.#.#.#.#.#.
#...######
....#...#...#.
###........
#######.#.###.#
#..........
..............#
#..........


You could see a jelly.

Vanquished Creatures
  3 dart slugs
  3 endoplasms
  6 giant cockroaches
  2 hobgoblins (D:2)
  11 jackals
  2 quokkas
  7 ball pythons
  4 bats
  2 frilled lizards (D:2)
  3 goblins
  7 kobolds
50 creatures vanquished.

Notes
Turn   | Place    | Note
-------+----------+-------------------------------------------
     0 | D:1      | wolfrpgdude the Draconian Hedge Wizard began the quest for
                  | the Orb.
     0 | D:1      | Reached XP level 1. HP: 14/14 MP: 4/4
   205 | D:1      | Reached XP level 2. HP: 20/20 MP: 1/6
  1356 | D:2      | Reached XP level 3. HP: 26/26 MP: 3/7
  1397 | D:2      | Learned a level 3 spell: Mephitic Cloud
  1401 | D:2      | Learned a level 3 spell: Conjure Flame
  1487 | D:2      | Found a faded altar of an unknown god.
  2165 | D:2      | Upgraded the game from 0.29.1-14-g9c671dbff4 to
                  | 0.29.1-15-g9cfb28693d
  3055 | D:3      | Splashed by a jelly's acid

Illustrated notes

Levels and vault maps discovered:
D:1:      lightli_arrival_farm, layout_loops_cross, minmay_unequal
D:2:      layout_loops_ring, dreamdust_ecumenical_altar_grove,
          serial_bayou_pond_d
D:3:      layout_basic, mainiacjoe_overflow_six_doors_small

Skill      XL: |  1  2  3 |
---------------+----------+-----
Dodging        | 2 |  2.4
Conjurations   | 2 |  2.1
Short Blades   | |  0.8
Stealth        | |  1.8
Spellcasting   | |  3.6
Summonings     | |  1.0
Translocations | |  1.0

Action                   || total
-------------------------++-------
Melee: Dagger            ||    69
       Tailslap          ||    16
       Punch             ||     2
       Staff             ||    19
 Cast: Magic Dart        ||    81
       Conjure Flame     ||     1
  Use: Scroll            ||     4
Armor: Skin              ||    49
Dodge: Dodged            ||    88
